 Dungeon Crawl Stone Soup version 0.18.1-50-g88ac8fd (webtiles) character file.

70 lorenzova the Conjurer (level 4, 0/24 HPs)
             Began as a Deep Elf Conjurer on Oct 23, 2016.
             Slain by Ijyb (2 damage)
             ... on level 2 of the Dungeon.
             The game lasted 00:02:39 (1087 turns).

lorenzova the Conjurer (Deep Elf Conjurer)          Turns: 1087, Time: 00:02:40

Health: 0/24       AC:  2    Str:  5    XL:     4   Next: 3%
Magic:  0/12       EV: 13    Int: 21    God:
Gold:   62         SH:  0    Dex: 15    Spells: 2 memorised, 7 levels left

rFire  . . .     SeeInvis .     (no weapon)
rCold  . . .     Gourm    .     a - +0 robe
rNeg   . . .     Faith    .     (no shield)
rPois  .         Spirit   .     (no helmet)
rElec  .         Dismiss  .     (no cloak)
rCorr  .         Reflect  .     (no gloves)
SustAt .         Harm     .     (no boots)
MR     .....                    (no amulet)
Stlth  ++........               (no ring)
                                (no ring)

@: not resistant to hostile enchantments, unstealthy
A: no striking features
a: no special abilities


You were on level 2 of the Dungeon.
You were hungry.

You visited 1 branch of the dungeon, and saw 2 of its levels.

You collected 62 gold pieces.

Inventory:

Armour
 a - a +0 robe (worn)
Scrolls
 f - 2 scrolls of enchant armour {unknown}
 g - 3 scrolls of remove curse {unknown}
Potions
 e - a potion of magic {unknown}
Books
 b - a book of Conjurations

   Spells                             Type                      Level
   a - Magic Dart                     Conjuration                  1
   b - Searing Ray                    Conjuration                  2
   c - Dazzling Spray                 Conjuration/Hexes            3
   d - Fulminant Prism                Conjuration/Hexes            4
   e - Iskenderun's Mystic Blast      Conjuration                  4
   f - Iskenderun's Battlesphere      Conjuration/Charms           5
Comestibles
 c - a bread ration
 d - a slice of pizza


   Skills:
 - Level 2.4 Dodging
 - Level 2.4 Stealth
 + Level 4.7 Spellcasting
 + Level 5.3 Conjurations


You had 7 spell levels left.
You knew the following spells:

 Your Spells              Type           Power        Failure   Level  Hunger
a - Magic Dart            Conj           ####         1%          1    None
b - Iskenderun's Mystic   Conj           ####....     14%         4    ####...


Dungeon Overview and Level Annotations

Branches:
Dungeon (2/15)

Altars:

Annotations:
D:2 Ijyb


Message History

You bump into the rock wall.
Ijyb hits you.
You bump into the rock wall.
Ijyb hits you.
* * * LOW HITPOINT WARNING * * *
You bump into the rock wall.
Ijyb zaps a wand.
You resist with some effort. Ijyb misses you.
You bump into the rock wall.
Ijyb closely misses you.
You bump into the rock wall.
Ijyb hits you but does no damage.
You bump into the rock wall.
You feel less confused. Ijyb hits you.
* * * LOW HITPOINT WARNING * * *
Casting: Magic Dart
Confirm with . or Enter, or press ? or * to list all spells.
Aiming: Magic Dart
Press: ? - help, Shift-Dir - straight line, f/p - Ijyb
Aim: Ijyb, wearing a leather armour and carrying a wand of confusion {zapped: 7} (almost dead)
The magic dart hits Ijyb.
Ijyb is almost dead.
Ijyb hits you.
You die...

.#
#.......)...........#
.#
.##................#
.. ##...............#
.# ##.........#.....##
.####..#.##..>.#.#####
......##.)#.####.#
.########.#.# #.# .##
##...# #.# ..# #..###
#@# ..## ##..## #g#
...## #....#####.#
##..###.##....##)##
##...#.#####..#..#
###....# ##.##.#
###†.# #g##.# #....#
#..#.# #.>..##.##
##b#.#


You could see Ijyb.

Vanquished Creatures
  An adder (D:2)
  3 gnolls (D:2)
  A dart slug (D:1)
  5 giant geckos
  3 bats
  A giant cockroach (D:1)
  4 goblins
  2 hobgoblins (D:1)
  A ball python (D:1)
  2 giant newts (D:1)
  3 rats
26 creatures vanquished.

Notes
Turn   | Place    | Note
--------------------------------------------------------------
     0 | D:1      | lorenzova the Deep Elf Conjurer began the quest for the Orb.
     0 | D:1      | Reached XP level 1. HP: 10/10 MP: 6/6
   193 | D:1      | Reached XP level 2. HP: 15/15 MP: 4/8
   737 | D:2      | Reached XP level 3. HP: 19/19 MP: 5/10
   761 | D:2      | Reached skill level 5 in Conjurations
  1024 | D:2      | Reached XP level 4. HP: 24/24 MP: 8/12
  1030 | D:2      | Learned a level 4 spell: Iskenderun's Mystic Blast
  1031 | D:2      | Noticed Ijyb
  1087 | D:2      | Slain by Ijyb

Skill      XL: |  1  2  3 |
---------------+----------+-----
Spellcasting   | 4 |  4.7
Conjurations   | 5 |  5.3
Dodging        | |  2.4
Stealth        | |  2.4

Action                   |  1- 3 |  4- 6 || total
-------------------------+-------+-------++-------
Melee: Unarmed           |     6 |     9 ||    15
 Cast: Magic Dart        |    53 |    13 ||    66
       Iskenderun's Myst |       |     1 ||     1
Armor: Robe              |     4 |    12 ||    16
Dodge: Dodged            |     4 |    35 ||    39
